[Event "January 9 Late 2024"]
[Site "https://www.chess.com"]
[Date "2024.01.09"]
[Round "5"]
[White "Gao, Raymond"]
[Black "Potapova, Margarita"]
[Result "0-1"]
[Board "128"]
[TimeControl "180+1"]
[WhiteFideId "2629429"]
[BlackFideId "14126869"]
[WhiteElo "2376"]
[BlackElo "2552"]
[WhiteTeam "CAN"]
[BlackTeam "RUS"]
[WhiteClock "0:02:03"]
[BlackClock "0:01:46"]

1. Na3 e5 2. c3 d5 3. d4 e4 4. Bf4 Nf6 5. e3 Bd6 6. Bxd6 Qxd6 7. Ne2 O-O 8. c4 dxc4 9. Nxc4 Qe7 10. Nc3 Nc6 11. Be2 h5 12. Bxh5 Nb4 13. Be2 Bf5 14. Ne5 c5 15. a3 cxd4 16. axb4 dxc3 17. bxc3 Qxe5 0-1

[Event "January 9 Late 2024"]
[Site "https://www.chess.com"]
[Date "2024.01.09"]
[Round "5"]
[White "Van Dael, Siem"]
[Black "Carre, Sylvain"]
[Result "1-0"]
[Board "129"]
[TimeControl "180+1"]
[WhiteFideId "1049771"]
[BlackFideId "642118"]
[WhiteElo "2552"]
[BlackElo "2372"]
[WhiteTeam "NED"]
[BlackTeam "FRA"]
[WhiteClock "0:00:53"]
[BlackClock "0:00:03"]

1. e4 e5 2. Nf3 Nf6 3. Nxe5 d6 4. Nf3 Nxe4 5. Bd3 Nc5 6. Be2 Be7 7. d4 Ne4 8. d5 Nf6 9. c4 O-O 10. Nc3 Bf5 11. O-O Re8 12. Re1 h6 13. Nd4 Bg6 14. Bd3 Bxd3 15. Qxd3 Bf8 16. Bf4 Rxe1+ 17. Rxe1 Nbd7 18. Qg3 Nh5 19. Qf3 Nxf4 20. Qxf4 a6 21. Nf3 Qf6 22. Qxf6 Nxf6 23. Ne4 Nxe4 24. Rxe4 f5 25. Re6 Kf7 26. b4 g6 27. Nh4 b5 28. Nxg6 bxc4 29. Nxf8 Rxf8 30. Rxh6 Rb8 31. a3 a5 32. Rh7+ Kf6 33. Rxc7 axb4 34. axb4 Rxb4 35. f4 Rb1+ 36. Kf2 Rb2+ 37. Kg3 Rb3+ 38. Kh4 Rb2 39. Kh3 Rc2 40. Rd7 c3 41. Rxd6+ Kf7 42. Rc6 Rc1 43. Rc7+ Kf6 44. Rc6+ Ke7 45. Kh4 c2 46. Kg5 Kd7 47. Kxf5 Kd8 48. g4 Kd7 49. g5 Kd8 50. g6 Kd7 51. h4 Kd8 52. h5 Kd7 53. h6 Rh1 54. h7 c1=Q 55. Rxc1 Rxc1 56. h8=Q Rc7 57. Qg7+ Ke8 58. Qxc7 1-0

[Event "January 9 Late 2024"]
[Site "https://www.chess.com"]
[Date "2024.01.09"]
[Round "5"]
[White "Luukkonen, Tommi"]
[Black "Grutter, Tim"]
[Result "1-0"]
[Board "130"]
[TimeControl "180+1"]
[WhiteFideId "501808"]
[BlackFideId "1057472"]
[WhiteElo "2373"]
[BlackElo "2550"]
[WhiteTeam "FIN"]
[BlackTeam "NED"]
[WhiteClock "0:01:42"]
[BlackClock "0:00:00"]

1. d4 Nf6 2. c4 e6 3. Nc3 d5 4. cxd5 exd5 5. Bg5 Be7 6. Qc2 c6 7. e3 O-O 8. Bd3 h6 9. Bf4 Bd6 10. Nge2 Be6 11. h3 Re8 12. O-O-O b5 13. g4 a5 14. Rhg1 a4 15. g5 hxg5 16. Bxg5 Na6 17. Nf4 Nb4 18. Qe2 Nxd3+ 19. Qxd3 Be7 20. Nxe6 fxe6 21. Qg6 Qd7 22. Bh6 Bf8 23. Qxf6 Kh8 24. Qg6 b4 25. Ne2 e5 26. dxe5 Re6 27. Qg4 b3 28. a3 Qe7 29. Bf4 Qc5+ 30. Nc3 Qe7 31. Bg5 Qe8 32. f4 Rc8 33. Bf6 1-0

[Event "January 9 Late 2024"]
[Site "https://www.chess.com"]
[Date "2024.01.09"]
[Round "5"]
[White "Przybylski, Wojciech"]
[Black "Harriott, Tyrell"]
[Result "1-0"]
[Board "131"]
[TimeControl "180+1"]
[WhiteFideId "1117599"]
[BlackFideId "2086484"]
[WhiteElo "2550"]
[BlackElo "2362"]
[WhiteTeam "POL"]
[BlackTeam "USA"]
[WhiteClock "0:00:24"]
[BlackClock "0:00:00"]

1. e4 d5 2. exd5 Nf6 3. Nc3 Nxd5 4. Nxd5 Qxd5 5. Qf3 Qxf3 6. Nxf3 g6 7. d4 Bg7 8. Bf4 c6 9. c3 O-O 10. O-O-O Nd7 11. h3 Re8 12. Bc4 Nb6 13. Bb3 a5 14. Rhe1 a4 15. Bc2 Be6 16. Rxe6 fxe6 17. Ng5 e5 18. dxe5 Nc4 19. Re1 h6 20. Ne6 Rec8 21. Bxg6 a3 22. b3 Nb2 23. Kc2 c5 24. c4 b5 25. Be4 Rab8 26. Bd5 Kh8 27. Re4 bxc4 28. bxc4 Na4 29. Bc1 Nb2 30. f4 Rb4 31. f5 Rcb8 32. Nc7 Na4 33. Nb5 1-0

[Event "January 9 Late 2024"]
[Site "https://www.chess.com"]
[Date "2024.01.09"]
[Round "5"]
[White "Yurasov, Matfey"]
[Black "Laskakis, Konstantinos"]
[Result "1-0"]
[Board "132"]
[TimeControl "180+1"]
[WhiteFideId "55617603"]
[BlackFideId "42134374"]
[WhiteElo "2549"]
[BlackElo "2350"]
[WhiteTeam "FID"]
[BlackTeam "GRE"]
[WhiteClock "0:00:39"]
[BlackClock "0:00:00"]

1. e4 e5 2. Nf3 Nc6 3. Bc4 Nf6 4. d3 h6 5. O-O d6 6. d4 Bg4 7. c3 Nxe4 8. Bb5 exd4 9. Re1 d5 10. Qxd4 a6 11. Bxc6+ bxc6 12. Ne5 Bc5 13. Qxc5 Nxc5 14. Nxc6+ Kd7 15. Nxd8 Nd3 16. Re3 Nxc1 17. Nxf7 Be6 18. Ne5+ Kd6 19. Nd2 d4 20. cxd4 Nxa2 21. Ne4+ Kd5 22. Rxa2 Kxd4 23. Ra1 Kxe5 24. Nc5+ Kd5 25. Nxe6 Rab8 26. Rd1+ Kc6 27. Rc3+ Kb6 28. Nxc7 Rbc8 29. Nd5+ Ka7 30. Rxc8 Rxc8 31. Nc3 a5 32. g3 a4 33. Nxa4 Rc4 34. Nc3 Rb4 35. Rd7+ Ka6 36. Rxg7 Rxb2 37. Rg6+ Ka7 38. Rxh6 Rc2 39. Nb5+ Kb8 40. h4 Rb2 41. Rb6+ Ka8 42. Nc7+ Ka7 43. Rg6 Rb7 44. Rg7 Kb6 45. Nd5+ Ka7 46. Rxb7+ Ka8 47. Rb1 1-0

[Event "January 9 Late 2024"]
[Site "https://www.chess.com"]
[Date "2024.01.10"]
[Round "5"]
[White "Aliakbarov, Anar"]
[Black "Jazdanovs, Aleksandrs"]
[Result "1-0"]
[Board "133"]
[TimeControl "180+1"]
[WhiteFideId "13401858"]
[BlackFideId "11604492"]
[WhiteElo "2547"]
[BlackElo "2332"]
[WhiteTeam "TUR"]
[BlackTeam "LAT"]
[WhiteClock "0:00:12"]
[BlackClock "0:00:06"]

1. d4 Nf6 2. c4 c5 3. d5 b5 4. cxb5 a6 5. Nc3 axb5 6. e4 b4 7. Nb5 d6 8. Bc4 g6 9. Bf4 Bg7 10. e5 Nh5 11. exd6 Nxf4 12. Nc7+ Kf8 13. Nxa8 exd6 14. Qf3 Bxb2 15. Rd1 Bc3+ 16. Kf1 Nh5 17. Ne2 Bb7 18. Nxc3 bxc3 19. Qxc3 Nf6 20. Nc7 Nbd7 21. Nb5 Nb6 22. h3 Kg7 23. Kg1 Re8 24. Kh2 Kg8 25. Rhe1 Nfxd5 26. Rxe8+ Qxe8 27. Bxd5 Nxd5 28. Qb2 Qe5+ 29. Qxe5 dxe5 30. Rc1 Nf4 31. Rxc5 Bxg2 32. Rxe5 Bf1 33. h4 Nd3 34. Re8+ Kg7 35. Kg1 Bh3 36. a4 Nc5 37. a5 Bd7 38. Rb8 Kf6 39. Nc7 Ne6 40. Nxe6 Kxe6 41. a6 1-0

[Event "January 9 Late 2024"]
[Site "https://www.chess.com"]
[Date "2024.01.09"]
[Round "5"]
[White "Ardila, Oscar Humberto"]
[Black "Serban, Cristian-Stefan"]
[Result "0-1"]
[Board "134"]
[TimeControl "180+1"]
[WhiteFideId "4404742"]
[BlackFideId "1241443"]
[WhiteElo "2321"]
[BlackElo "2547"]
[WhiteTeam "COL"]
[BlackTeam "ROU"]
[WhiteClock "0:00:14"]
[BlackClock "0:00:48"]

1. d4 g6 2. c4 Bg7 3. Nc3 c5 4. Be3 cxd4 5. Bxd4 Nf6 6. Nf3 Nc6 7. Be3 d6 8. g3 O-O 9. Bg2 Be6 10. Nd2 Ng4 11. Bf4 Qb6 12. O-O Qxb2 13. Nd5 Qxa1 14. Qxa1 Bxa1 15. Rxa1 Rac8 16. Rb1 b6 17. h3 Nge5 18. Bh6 Rfe8 19. e4 Na5 20. Rc1 Bxd5 21. exd5 Nexc4 22. Nxc4 Rxc4 23. Re1 e5 24. Bf1 Rc5 25. Bg2 Nc4 26. f4 f6 27. h4 Kf7 28. h5 exf4 29. hxg6+ hxg6 30. Rf1 g5 31. gxf4 Kg6 32. fxg5 fxg5 33. Bf8 Ne3 34. Rf2 Rc1+ 35. Kh2 Ng4+ 36. Kg3 Nxf2 37. Bxd6 Ne4+ 38. Bxe4+ Rxe4 39. Bb8 Rc3+ 40. Kf2 Rd3 41. d6 g4 42. a4 g3+ 43. Kg2 Re2+ 44. Kh3 g2+ 45. Kh4 g1=Q 46. d7 Rd4+ 47. Kh3 Qg2# 0-1

[Event "January 9 Late 2024"]
[Site "https://www.chess.com"]
[Date "2024.01.09"]
[Round "5"]
[White "Sarkar, Justin"]
[Black "Sadovsky, Artem"]
[Result "0-1"]
[Board "135"]
[TimeControl "180+1"]
[WhiteFideId "2010011"]
[BlackFideId "4155840"]
[WhiteElo "2315"]
[BlackElo "2546"]
[WhiteTeam "USA"]
[BlackTeam "FID"]
[WhiteClock "0:00:00"]
[BlackClock "0:00:12"]

1. e4 g6 2. d4 Bg7 3. c4 d6 4. Nc3 e5 5. Nf3 exd4 6. Nxd4 Nf6 7. f3 O-O 8. Be3 c6 9. Qb3 d5 10. cxd5 cxd5 11. O-O-O dxe4 12. Nf5 Bxf5 13. Rxd8 Rxd8 14. Qxb7 Nbd7 15. fxe4 Rab8 16. Qxa7 Nxe4 17. Nxe4 Bxb2+ 18. Kc2 Nc5 19. Bxc5 Bxe4+ 20. Bd3 Rxd3 21. Qxb8+ Rd8+ 22. Kxb2 Rxb8+ 23. Kc3 Bxg2 24. Rg1 Bd5 25. a4 f5 26. Ra1 f4 27. a5 Kf7 28. Kd4 Ke6 29. a6 Ba8 30. a7 Rd8+ 31. Kc3 Rc8 32. Kd4 Rd8+ 33. Kc3 Kf5 34. Rb1 Rd5 35. Kc4 Rd2 36. Rb8 Bd5+ 37. Kc3 Ra2 38. Kd4 Bh1 39. Rf8+ Kg4 0-1

[Event "January 9 Late 2024"]
[Site "https://www.chess.com"]
[Date "2024.01.10"]
[Round "5"]
[White "Ferreira, Vitor Hugo Vieira"]
[Black "Kargosha, Bahman"]
[Result "1-0"]
[Board "136"]
[TimeControl "180+1"]
[WhiteFideId "2119765"]
[BlackFideId "12503452"]
[WhiteElo "2545"]
[BlackElo "2309"]
[WhiteTeam "BRA"]
[BlackTeam "AUS"]
[WhiteClock "0:00:50"]
[BlackClock "0:00:04"]

1. d4 Nf6 2. c4 c5 3. d5 b5 4. cxb5 a6 5. bxa6 Bxa6 6. Nc3 d6 7. e4 Bxf1 8. Kxf1 g6 9. Nf3 Bg7 10. g3 Qc8 11. Kg2 O-O 12. a4 Na6 13. Ra3 Nb4 14. Qe2 Qa6 15. Re1 Qxe2 16. Rxe2 Rfb8 17. Bf4 Nd7 18. e5 dxe5 19. Nxe5 Nxe5 20. Bxe5 Bxe5 21. Rxe5 Kf8 22. Nb5 Rd8 23. Rae3 Nxd5 24. Rxd5 Rxd5 25. Nc7 Rdd8 26. Nxa8 Rxa8 27. b3 c4 28. bxc4 Rxa4 29. Rc3 Ke8 30. Kf3 Kd7 31. Kf4 Kd6 32. Kg5 Ra5+ 33. c5+ Rxc5+ 34. Rxc5 Kxc5 35. Kh6 e5 36. Kxh7 Kd5 37. Kg7 Ke6 38. g4 e4 39. h4 Ke5 40. Kxf7 Kf4 41. h5 Kf3 42. h6 Kxf2 43. h7 e3 44. h8=Q e2 45. Kxg6 1-0

[Event "January 9 Late 2024"]
[Site "https://www.chess.com"]
[Date "2024.01.09"]
[Round "5"]
[White "Bruedigam, Martin"]
[Black "Dilmukhametov, Artur"]
[Result "0-1"]
[Board "137"]
[TimeControl "180+1"]
[WhiteFideId "24608033"]
[BlackFideId "24179922"]
[WhiteElo "2544"]
[BlackElo "2304"]
[WhiteTeam "GER"]
[BlackTeam "RUS"]
[WhiteClock "0:00:01"]
[BlackClock "0:00:09"]

1. e4 e6 2. d4 d5 3. Nc3 Bb4 4. e5 c5 5. Qg4 Ne7 6. a3 Ba5 7. dxc5 Bxc3+ 8. bxc3 Nf5 9. Bd3 h5 10. Qh3 g6 11. Nf3 Qc7 12. O-O Nd7 13. a4 Nxc5 14. Bxf5 exf5 15. Bg5 Ne4 16. Rad1 Be6 17. Qh4 Nxg5 18. Qxg5 Qe7 19. Qf4 O-O-O 20. Rb1 Kb8 21. Rb3 d4 22. Nxd4 Bxb3 23. cxb3 a6 24. b4 Qc7 25. b5 Qxc3 26. e6+ Ka8 27. Nf3 fxe6 28. bxa6 bxa6 29. h4 Rd5 30. Ng5 Qc6 31. Rb1 Rhd8 32. Nf7 Rd1+ 33. Rxd1 Rxd1+ 34. Kh2 Rd5 35. f3 e5 36. Qh6 Qc7 37. Qf8+ Ka7 38. Qe8 e4+ 39. Kh3 exf3 40. gxf3 Rd3 41. Ne5 Rc3 42. a5 f4 43. Qe6 Qc8 44. Nd7 Rc6 45. Qd5 Ka8 46. Qd4 Rc7 47. Qd5+ Rb7 48. Kg2 Qxd7 49. Qe4 0-1

[Event "January 9 Late 2024"]
[Site "https://www.chess.com"]
[Date "2024.01.09"]
[Round "5"]
[White "Liu, Kelsey"]
[Black "Gasparyan, David"]
[Result "0-1"]
[Board "138"]
[TimeControl "180+1"]
[WhiteFideId "30944481"]
[BlackFideId "13311980"]
[WhiteElo "2280"]
[BlackElo "2542"]
[WhiteTeam "USA"]
[BlackTeam "USA"]
[WhiteClock "0:00:16"]
[BlackClock "0:01:30"]

1. e4 d6 2. d4 Nf6 3. Nc3 Nbd7 4. f4 e5 5. Nf3 Be7 6. Bc4 exd4 7. Nxd4 O-O 8. Be3 Nc5 9. Bd3 Ng4 10. Bg1 a5 11. h3 Bh4+ 12. Kf1 Nh6 13. Qh5 Nxd3 14. cxd3 f5 15. g4 fxg4 16. hxg4 Rxf4+ 17. Kg2 Rxg4+ 18. Kh2 Bg3+ 19. Kg2 Rg5 20. Qf3 Bg4 21. Qxg3 Bd7 22. Bf2 Rxg3+ 23. Bxg3 Ng4 24. Bf4 Qf6 25. Raf1 Qxd4 0-1

[Event "January 9 Late 2024"]
[Site "https://www.chess.com"]
[Date "2024.01.09"]
[Round "5"]
[White "Kornyukov, Alexey"]
[Black "Smiech, Sara"]
[Result "1-0"]
[Board "139"]
[TimeControl "180+1"]
[WhiteFideId "4150457"]
[BlackFideId "91102863"]
[WhiteElo "2274"]
[BlackElo "2540"]
[WhiteTeam "RUS"]
[BlackTeam "POL"]
[WhiteClock "0:01:01"]
[BlackClock "0:00:41"]

1. d4 Nf6 2. c4 c5 3. d5 e6 4. Nc3 exd5 5. cxd5 d6 6. e4 g6 7. f3 Bg7 8. Bg5 O-O 9. Qd2 a6 10. a4 Re8 11. Ra3 Nbd7 12. Nh3 Ne5 13. Nf2 Rb8 14. Be2 Qc7 15. O-O c4 16. Rb1 b5 17. axb5 axb5 18. b4 Bd7 19. Rba1 Rb7 20. Be3 Rc8 21. Ra7 Rcb8 22. R1a5 h5 23. h3 Rxa7 24. Rxa7 Rb7 25. Ra6 h4 26. f4 Nd3 27. Nxd3 cxd3 28. Bxd3 Ng4 29. Ra8+ Kh7 30. hxg4 Qxc3 31. Qxc3 Bxc3 32. g5 Bxb4 33. Bd4 f6 34. Bxf6 Bc5+ 35. Kf1 1-0

[Event "January 9 Late 2024"]
[Site "https://www.chess.com"]
[Date "2024.01.09"]
[Round "5"]
[White "Keller, Peter"]
[Black "Kopczynski, Michal"]
[Result "0-1"]
[Board "140"]
[TimeControl "180+1"]
[WhiteFideId "1272105"]
[BlackFideId "1124200"]
[WhiteElo "2249"]
[BlackElo "2534"]
[WhiteTeam "GER"]
[BlackTeam "POL"]
[WhiteClock "0:00:14"]
[BlackClock "0:00:27"]

1. e4 b6 2. d4 Bb7 3. Nc3 e6 4. Bd3 Nf6 5. Nge2 d5 6. e5 Nfd7 7. Nf4 g6 8. Nce2 c5 9. c3 Nc6 10. h4 Qc7 11. h5 g5 12. Nh3 h6 13. f4 gxf4 14. O-O O-O-O 15. Rxf4 f5 16. exf6 e5 17. dxe5 Ncxe5 18. Bf5 Bd6 19. Rf1 Kb8 20. Nhf4 Nf8 21. Nxd5 Qf7 22. Nef4 Rg8 23. Be3 Nc4 24. Bc1 Rg5 25. Be4 Re5 26. Bf3 Ne6 27. b3 Na5 28. c4 Nd4 29. Bb2 Nac6 30. Qd3 Rg5 31. Rae1 Ne5 32. Rxe5 Bxe5 33. Qe3 Nxf3+ 34. Rxf3 Bxb2 35. Ne6 Rdxd5 36. cxd5 Bxd5 37. Nxg5 hxg5 38. Qxg5 Bxf3 39. gxf3 Qxf6 40. Qxf6 Bxf6 41. Kg2 Kc7 42. Kh3 b5 43. Kg4 c4 44. bxc4 bxc4 45. Kf4 c3 46. Ke3 Kd6 47. Kd3 Ke6 48. a4 Kf5 49. h6 Kf4 50. h7 Kxf3 51. h8=Q Bxh8 0-1

[Event "January 9 Late 2024"]
[Site "https://www.chess.com"]
[Date "2024.01.09"]
[Round "5"]
[White "Abdi, Farzad"]
[Black "Rangel, Daniel"]
[Result "0-1"]
[Board "141"]
[TimeControl "180+1"]
[WhiteFideId "2076829"]
[BlackFideId "2124475"]
[WhiteElo "2224"]
[BlackElo "2533"]
[WhiteTeam "USA"]
[BlackTeam "BRA"]
[WhiteClock "0:00:10"]
[BlackClock "0:02:07"]

1. d4 Nf6 2. Nc3 d5 3. Nf3 Bf5 4. g3 e6 5. Bg2 c5 6. O-O Nc6 7. h3 Nb4 8. e4 Nxe4 9. Nh4 g6 10. Nxe4 Bxe4 11. c3 Bxg2 12. Nxg2 Nc6 13. dxc5 Bxc5 14. Bh6 Qb6 15. b4 Bf8 16. Bg5 Bg7 17. Qd2 O-O 18. h4 Ne5 19. h5 Nf3+ 0-1

[Event "January 9 Late 2024"]
[Site "https://www.chess.com"]
[Date "2024.01.09"]
[Round "5"]
[White "Khater, Sherif"]
[Black "Ferrufino, Boris"]
[Result "1-0"]
[Board "142"]
[TimeControl "180+1"]
[WhiteFideId "2034280"]
[BlackFideId "3300170"]
[WhiteElo "2530"]
[BlackElo "2201"]
[WhiteTeam "USA"]
[BlackTeam "BOL"]
[WhiteClock "0:00:25"]
[BlackClock "0:00:24"]

1. e4 c5 2. Nc3 Nc6 3. f4 d6 4. Nf3 e6 5. Bb5 Bd7 6. d3 Nge7 7. O-O a6 8. Bxc6 Nxc6 9. h3 Be7 10. Qe1 O-O 11. Qf2 b5 12. Be3 Bf6 13. g4 Rc8 14. Rab1 Re8 15. g5 Bxc3 16. bxc3 b4 17. c4 e5 18. f5 Kh8 19. h4 a5 20. h5 Nd4 21. Bxd4 cxd4 22. Qg3 d5 23. Nxe5 Qe7 24. Nxd7 Qxd7 25. exd5 Re3 26. Rf3 Rce8 27. Rbf1 Re2 28. R1f2 Re1+ 29. Kg2 R1e3 30. f6 g6 31. hxg6 fxg6 32. f7 Rf8 33. Rxe3 1-0

[Event "January 9 Late 2024"]
[Site "https://www.chess.com"]
[Date "2024.01.09"]
[Round "5"]
[White "Mazi, Leon"]
[Black "Tqebuchava, Zurab"]
[Result "1-0"]
[Board "143"]
[TimeControl "180+1"]
[WhiteFideId "14600315"]
[BlackFideId "13601113"]
[WhiteElo "2523"]
[BlackElo "2192"]
[WhiteTeam "SLO"]
[BlackTeam "GEO"]
[WhiteClock "0:00:29"]
[BlackClock "0:00:00"]

1. e4 e5 2. Nf3 Nc6 3. Bb5 Be7 4. O-O d6 5. d4 exd4 6. Nxd4 Bd7 7. a4 Nf6 8. Nc3 O-O 9. Re1 Nxd4 10. Qxd4 a6 11. Bc4 Bc6 12. Bg5 h6 13. Bh4 Nd7 14. Bxe7 Qxe7 15. Nd5 Bxd5 16. exd5 Qg5 17. Bd3 Rfe8 18. a5 Ne5 19. Be2 Ng6 20. g3 Qe5 21. Qxe5 Rxe5 22. Bf3 Rae8 23. Red1 R5e7 24. Kf1 Ne5 25. Bg2 g5 26. h3 Ng6 27. Ra4 Re2 28. Rc4 R2e7 29. Rb4 Re2 30. Rc4 R2e7 31. b4 Ne5 32. Rc3 h5 33. Be4 Kg7 34. Bf5 h4 35. gxh4 gxh4 36. Rd4 Ng6 37. Bd3 Re1+ 38. Kg2 R8e5 39. Rg4 Kf6 40. Rxc7 Rb1 41. Rxb7 Ree1 42. Bxg6 fxg6 43. Rb6 Rg1+ 44. Kf3 Rxg4 45. Kxg4 Ke5 46. c4 Rb2 47. f4+ Kd4 48. c5 dxc5 49. bxc5 Re2 50. c6 1-0

[Event "January 9 Late 2024"]
[Site "https://www.chess.com"]
[Date "2024.01.09"]
[Round "5"]
[White "Antunes, Luciano Justi"]
[Black "Davidson, Kevin"]
[Result "0-1"]
[Board "144"]
[TimeControl "180+1"]
[WhiteFideId "2126893"]
[BlackFideId "2056810"]
[WhiteElo "2122"]
[BlackElo "2522"]
[WhiteTeam "BRA"]
[BlackTeam "USA"]
[WhiteClock "0:00:00"]
[BlackClock "0:00:19"]

1. d4 Nf6 2. c4 g6 3. Nc3 Bg7 4. e4 d6 5. Be2 O-O 6. Bg5 Nc6 7. f4 e5 8. fxe5 dxe5 9. d5 Nd4 10. Nf3 h6 11. Bh4 g5 12. Bf2 Ng4 13. Bxd4 exd4 14. Nb5 Ne3 15. Qd3 Nxg2+ 16. Kd2 Nf4 17. Qb3 c6 18. Nbxd4 g4 19. Rhg1 gxf3 20. Bxf3 Qb6 21. Qc3 Ng6 22. c5 Qd8 0-1

[Event "January 9 Late 2024"]
[Site "https://www.chess.com"]
[Date "2024.01.09"]
[Round "5"]
[White "Gutierrez Olivares, Daniel"]
[Black "Brodsky, David"]
[Result "0-1"]
[Board "145"]
[TimeControl "180+1"]
[WhiteFideId "2264005"]
[BlackFideId "2073250"]
[WhiteElo "2479"]
[BlackElo "2824"]
[WhiteTeam "ESP"]
[BlackTeam "USA"]
[WhiteClock "0:00:01"]
[BlackClock "0:00:06"]

1. c4 a6 2. b3 b5 3. Bb2 Bb7 4. Nf3 Nf6 5. e3 bxc4 6. bxc4 g6 7. Qb3 Bxf3 8. gxf3 Nc6 9. Bg2 Rb8 10. Qc2 Bg7 11. a3 O-O 12. Nc3 Na5 13. Ne2 Nxc4 14. Qxc4 Rxb2 15. Qxa6 c5 16. Nc3 Qb8 17. Qe2 d5 18. O-O Qb3 19. Rfc1 Ra8 20. f4 e6 21. Nd1 Rc2 22. Rcb1 Qc4 23. Qe1 Ne4 24. Bf1 Nxd2 25. Bxc4 Nf3+ 26. Kf1 Nxe1 27. Bb3 Bxa1 28. Kxe1 Bc3+ 29. Kf1 Rd2 30. Nxc3 Rxa3 31. Ke1 Rd3 32. Bxd5 exd5 33. Rb8+ Kg7 34. Nb5 Rab3 35. Rb7 c4 36. Ke2 Rb2+ 37. Kf3 Rdd2 38. Kg3 c3 39. Rc7 Rxb5 40. Rxc3 Rbb2 41. f5 Rxf2 42. Rd3 Rxf5 43. h4 h5 0-1

[Event "January 9 Late 2024"]
[Site "https://www.chess.com"]
[Date "2024.01.09"]
[Round "5"]
[White "Schnaider, Ilan"]
[Black "Spichkin, Alexander"]
[Result "1-0"]
[Board "146"]
[TimeControl "180+1"]
[WhiteFideId "169013"]
[BlackFideId "4144074"]
[WhiteElo "2715"]
[BlackElo "2466"]
[WhiteTeam "ARG"]
[BlackTeam "RUS"]
[WhiteClock "0:00:07"]
[BlackClock "0:00:54"]

1. e4 e5 2. Nf3 d5 3. exd5 e4 4. Nd4 Qxd5 5. Nb3 Nf6 6. Nc3 Qe5 7. Be2 Nc6 8. d4 exd3 9. cxd3 Be6 10. Be3 O-O-O 11. d4 Qf5 12. O-O h5 13. Bd3 Qg4 14. f3 Qh4 15. Qd2 Bd6 16. g3 Qh3 17. Ne4 Nxe4 18. fxe4 h4 19. d5 Bb4 20. Qg2 hxg3 21. Qxg3 Qxg3+ 22. hxg3 Bh3 23. Rf2 Ne5 24. Be2 f6 25. Rc1 Bg4 26. Nd4 Ba5 27. Nb5 Bxe2 28. Rxe2 a6 29. Nd4 Ng4 30. Ne6 Rd7 31. Bd4 Re8 32. Kg2 Rxe6 33. dxe6 Rxd4 34. Rh1 Kd8 35. Rh7 Ke7 36. Rxg7+ Kxe6 37. Rxg4 c5 38. Rg7 b5 39. Ra7 c4 40. Rxa6+ Ke5 41. Rxa5 Rd2 42. Rxd2 Kxe4 43. Rxb5 Ke3 44. Rc2 Kd3 45. Rc3+ Kd4 46. Rb4 f5 47. Rbxc4+ Kd5 48. Rf4 1-0

[Event "January 9 Late 2024"]
[Site "https://www.chess.com"]
[Date "2024.01.09"]
[Round "5"]
[White "Leiva, Gianmarco"]
[Black "Kazmaier, Daniel"]
[Result "0-1"]
[Board "147"]
[TimeControl "180+1"]
[WhiteFideId "3804399"]
[BlackFideId "2606089"]
[WhiteElo "2686"]
[BlackElo "2452"]
[WhiteTeam "PER"]
[BlackTeam "CAN"]
[WhiteClock "0:00:09"]
[BlackClock "0:00:17"]

1. d4 f5 2. e4 fxe4 3. Nc3 Nf6 4. f3 e3 5. Bxe3 e6 6. Bd3 Nc6 7. a3 d5 8. f4 Bd6 9. Qf3 O-O 10. Nge2 Ne7 11. g4 Qe8 12. g5 Qh5 13. O-O Qxf3 14. Rxf3 Nh5 15. Ng3 Nxf4 16. Raf1 Neg6 17. Bxg6 Nxg6 18. Nb5 Bd7 19. Nxd6 cxd6 20. Rxf8+ Rxf8 21. Rxf8+ Kxf8 22. Kf2 a6 23. Kf3 e5 24. Ne2 Nh4+ 25. Kf2 Bf5 26. Kg3 Ng6 27. c3 Ke7 28. h4 Ke6 29. h5 Ne7 30. Ng1 Bc2 31. Nh3 Nf5+ 32. Kf2 Bd1 33. h6 g6 34. Ng1 Nxe3 35. Kxe3 Kf5 36. Nh3 Bg4 37. Nf2 Kxg5 38. Nd3 exd4+ 39. Kxd4 Bf3 40. Ke3 Be4 41. Nf4 Kxh6 42. Ne6 g5 43. a4 Kh5 44. a5 Kg4 45. Nd8 h5 46. Nxb7 h4 47. Nxd6 h3 48. Nxe4 dxe4 49. c4 h2 0-1

[Event "January 9 Late 2024"]
[Site "https://www.chess.com"]
[Date "2024.01.09"]
[Round "5"]
[White "Krishnan, Varun"]
[Black "Hejazipour, Mitra"]
[Result "0-1"]
[Board "148"]
[TimeControl "180+1"]
[WhiteFideId "5054508"]
[BlackFideId "12505951"]
[WhiteElo "2656"]
[BlackElo "2445"]
[WhiteTeam "USA"]
[BlackTeam "FRA"]
[WhiteClock "0:00:13"]
[BlackClock "0:00:18"]

1. d4 Nf6 2. c4 e6 3. Nf3 b6 4. a3 Bb7 5. Nc3 d5 6. cxd5 Nxd5 7. Qc2 Be7 8. e4 Nxc3 9. bxc3 O-O 10. Bd3 c5 11. O-O Qc7 12. Qe2 cxd4 13. cxd4 Nd7 14. Bb2 Nf6 15. Rac1 Qd8 16. Ne5 Rc8 17. Qf3 b5 18. Ng4 Nxg4 19. Qxg4 e5 20. d5 Bd6 21. f4 Qb6+ 22. Kh1 Rxc1 23. Rxc1 Qf2 24. Bxe5 Bxe5 25. fxe5 Qd4 26. Qg3 Qb2 27. Rf1 Qxa3 28. h4 b4 29. e6 b3 30. d6 b2 31. e7 Ra8 32. Qf4 f6 33. Bc4+ Kh8 34. e5 Qh3+ 35. Qh2 Bxg2+ 36. Kg1 Qxh2+ 37. Kxh2 Bxf1 38. d7 Rg8 39. Ba2 Bc4 40. d8=Q Bxa2 41. e8=Q b1=Q 42. Qxg8+ Bxg8 43. exf6 Qc2+ 44. Kg1 Qc1+ 45. Kh2 Qf4+ 46. Kg1 Qxf6 47. Qb8 Qb6+ 48. Qxb6 axb6 49. Kf2 b5 50. Ke3 b4 51. Kd4 b3 52. Kc3 Be6 53. Kb2 Kg8 54. h5 Kf7 55. h6 gxh6 56. Kc3 h5 57. Kb2 h4 58. Kc3 h3 59. Kb2 h2 60. Ka3 h1=Q 61. Kb2 Qg2+ 62. Ka1 Qa2# 0-1

[Event "January 9 Late 2024"]
[Site "https://www.chess.com"]
[Date "2024.01.09"]
[Round "5"]
[White "Gomes, Luiz Alexandre de Souza"]
[Black "Vlassov, Nikolai"]
[Result "0-1"]
[Board "149"]
[TimeControl "180+1"]
[WhiteFideId "2102790"]
[BlackFideId "4103360"]
[WhiteElo "2439"]
[BlackElo "2639"]
[WhiteTeam "BRA"]
[BlackTeam "FID"]
[WhiteClock "0:01:51"]
[BlackClock "0:01:54"]

1. e4 Nc6 2. Nf3 d5 3. exd5 Qxd5 4. Nc3 Qa5 5. d3 Bg4 6. Bd2 O-O-O 7. h3 Bxf3 8. Qxf3 Nd4 9. Qd1 Nf6 10. Be2 e6 11. O-O Bd6 12. Re1 Qe5 13. g3 h5 14. Bf4 Qf5 15. Bxd6 Rxd6 16. a4 Qxh3 17. Bf3 Ng4 18. Bg2 Qh2+ 19. Kf1 f5 20. Ne2 Nxe2 21. Qxe2 h4 22. gxh4 Qxh4 23. Qf3 Nh2+ 0-1

[Event "January 9 Late 2024"]
[Site "https://www.chess.com"]
[Date "2024.01.09"]
[Round "5"]
[White "Krzywda, Andrzej"]
[Black "Ibadov, Dashgyn"]
[Result "0-1"]
[Board "150"]
[TimeControl "180+1"]
[WhiteFideId "1114565"]
[BlackFideId "24107514"]
[WhiteElo "2408"]
[BlackElo "2629"]
[WhiteTeam "POL"]
[BlackTeam "FID"]
[WhiteClock "0:01:11"]
[BlackClock "0:00:29"]

1. e4 e6 2. d4 d5 3. Nc3 Nf6 4. e5 Nfd7 5. f4 c5 6. Nf3 Nc6 7. Be3 cxd4 8. Nxd4 Bc5 9. Qd2 O-O 10. O-O-O a6 11. Nb3 Bb4 12. Bd3 b5 13. g4 Nb6 14. Qg2 Bxc3 15. bxc3 Na4 16. Qh3 g6 17. Bd4 Nxd4 18. Nxd4 Nxc3 19. Rde1 Qa5 20. f5 Nxa2+ 21. Kd1 Nc3+ 22. Kc1 Qa1+ 23. Kd2 Ne4+ 24. Ke3 Qc3 25. f6 Qd2+ 26. Kf3 Qf2# 0-1